 Dungeon Crawl Stone Soup version 0.30-a0-883-g5ad918d77d (webtiles) character file.

Game seed: 15716925835119408264

992 retardedninja the Shield-Bearer (level 7, -4/64 HPs)
             Began as a Minotaur Fighter on Mar 16, 2023.
             Was an Initiate of Hepliaklqana.
             Slain by a gnoll
             ... wielding a +0 halberd
              (8 damage)
             ... on level 5 of the Dungeon.
             The game lasted 00:04:51 (4139 turns).

retardedninja the Shield-Bearer (Minotaur Fighter)  Turns: 4139, Time: 00:04:52

Health: -4/64      AC: 13    Str: 23    XL:     7   Next: 98%
Magic:  6/6        EV:  6    Int:  5    God:    Hepliaklqana [......]
Gold:   258        SH:  5    Dex:  9    Spells: 6/6 levels left

rFire   . . .      SeeInvis .    a - +0 war axe
rCold   . . .      Faith    .    c - +0 buckler
rNeg    . . .      Spirit   .    d - +0 plate armour
rPois   .          Reflect  .    (helmet restricted)
rElec   .          Rampage  .    (no cloak)
rCorr   .                        (no gloves)
Will    .....                    (no boots) Stlth
                                 (no amulet)
HPRegen 0.30/turn                (no ring)
MPRegen 0.10/turn                (no ring)

@: studying Unarmed Combat
A: horns 2, retaliatory headbutt
a: Renounce Religion


You were on level 5 of the Dungeon.
You worshipped Hepliaklqana.
Hepliaklqana was noncommittal.
You visited 2 branches of the dungeon, and saw 6 of its levels.

You collected 258 gold pieces.

Inventory:

Hand Weapons
 a - a +0 war axe (weapon)
Armour
 c - a +0 buckler (worn)
 d - a +0 plate armour (worn)
Jewellery
 b - a ring of fire
Scrolls
 e - a scroll of fear {unknown}
 f - 6 scrolls of identify {unknown}
 g - 2 scrolls of brand weapon {unknown}
 j - a scroll of vulnerability {unknown}
 k - a scroll of poison {unknown}
 l - a scroll of noise {unknown}
 s - 4 scrolls of teleportation {unknown}
 u - a scroll of magic mapping {unknown}
Potions
 h - a potion of brilliance {unknown}
 i - a potion of cancellation {unknown}
 n - a potion of invisibility {unknown}
 o - 2 potions of haste {unknown}
 p - a potion of lignification {unknown}
 q - a potion of attraction {unknown}
 r - 2 potions of heal wounds {unknown}
 t - a potion of magic {unknown}


   Skills:
 + Level 6.5 Fighting
 + Level 5.9 Axes
 + Level 6.6 Armour
 + Level 6.6 Shields


You had 6 spell levels left.
You didn't know any spells.
Your spell library contained the following spells:

 Spells                   Type           Power      Damage    Failure   Level
 Freeze                   Ice            0%         1d3       100%        1
 Frozen Ramparts          Ice            0%         1d1       100%        3
 Hailstorm                Conj/Ice       0%         3d3       100%        3
 Yara's Violent Unravell  Hex/Tmut       0%         3d3       100%        5
 Enfeeble                 Hex            0%         N/A       100%        7


Dungeon Overview and Level Annotations

Branches:
Dungeon (5/15)             Temple (1/1) D:4

Altars:
Ashenzari
Dithmenos
Elyvilon
Fedhas
Gozag
Hepliaklqana
Kikubaaqudgha
Makhleb
Okawaru
Qazlal
Ru
Sif Muna
Trog
Uskayaw
Wu Jian
Xom
Yredelemnul
The Shining One

Shops:
D:4 [

Annotations:
Temple 2 transporters


Innate Abilities, Weirdness & Mutations

You have a pair of horns on your head.
You reflexively headbutt those who attack you in melee.


Message History

You kill the gnoll!
The centaur shoots an arrow.
The arrow barely misses you.
The gnoll hits you from afar with a +0 halberd.
The gnoll barely misses you.
You slash the centaur!
The centaur is heavily wounded.
The centaur drinks a potion.
The centaur is healed!
The gnoll hits you but does no damage. x2; The centaur unwields a +0 shortbow.
You block the centaur's attack.
The centaur kicks you but does no damage.
You hit the centaur but do no damage. You headbutt the centaur!
The centaur is heavily wounded.
The gnoll hits you but does no damage.
The gnoll hits you from afar with a +0 halberd!
* * * LOW HITPOINT WARNING * * *
The centaur hits you.
* * * LOW HITPOINT WARNING * * *
The centaur kicks you.
* * * LOW HITPOINT WARNING * * *
You feel better.
The centaur hits you but does no damage.
The centaur kicks you but does no damage.
You block the gnoll's attack. The gnoll barely misses you.
The centaur hits you but does no damage.
The centaur kicks you.
* * * LOW HITPOINT WARNING * * *
You hit the centaur but do no damage.
The centaur is heavily wounded.
The gnoll completely misses you.
The gnoll hits you from afar with a +0 halberd.
* * * LOW HITPOINT WARNING * * *
The centaur hits you.
* * * LOW HITPOINT WARNING * * *
The centaur kicks you but does no damage.
The centaur barely misses you.
The centaur kicks you but does no damage.
The gnoll hits you from afar with a +0 halberd.
* * * LOW HITPOINT WARNING * * *
The gnoll hits you from afar with a +0 halberd!
You die...

... #..# #... ##.# .#####..#
#.... .... ......... #....##
#.### ##########... .......
.>.. .............
.......###.#.############...
⌠..........#.....)..........
..~~~~...g##.#.###..#######'
..~≈≈~...gc@..).....# #.
..~~~≈....##.###....# ..
..~.~.....##........# ..
..~.......######..#.#
_~....⌠...# ####.#
...##.....# #.# ## ##....#
.# ...###


You could see a centaur and 2 gnolls.

Vanquished Creatures
  Grinder (D:5)
  A steam dragon (D:4)
  An ogre (D:4)
  4 scorpions
  A hound (D:5)
  2 orc priests
  3 iguanas (D:5)
  An orc wizard (D:5)
  2 gnolls
  5 adders
  A worm (D:3)
  3 dart slugs
  11 orcs
  5 bats
  13 endoplasms
  4 giant cockroaches
  7 goblins
  A hobgoblin (D:2)
  10 kobolds
  3 quokkas
  7 ball pythons
  3 frilled lizards
  7 rats
96 creatures vanquished.

Notes
Turn   | Place    | Note
-------+----------+-------------------------------------------
     0 | D:1      | retardedninja the Minotaur Fighter began the quest for the
                  | Orb.
     0 | D:1      | Reached XP level 1. HP: 19/19 MP: 0/0
   231 | D:1      | Reached XP level 2. HP: 20/27 MP: 1/1
   892 | D:2      | Reached XP level 3. HP: 33/33 MP: 2/2
  1558 | D:3      | Reached XP level 4. HP: 41/41 MP: 3/3
  1689 | D:3      | Noticed a scorpion
  1699 | D:3      | Killed a scorpion
  1700 | D:3      | Reached XP level 5. HP: 41/47 MP: 4/4
  2004 | D:3      | Found an iron altar of Okawaru.
  2313 | D:4      | Reached skill level 5 in Fighting
  2313 | D:4      | Reached skill level 5 in Armour
  2313 | D:4      | Reached skill level 5 in Shields
  2350 | D:4      | Found a staircase to the Ecumenical Temple.
  2368 | Temple   | Entered the Ecumenical Temple
  2368 | Temple   | Found a transporter.
  2368 | Temple   | Found a transporter.
  2370 | Temple   | Found a transporter.
  2370 | Temple   | Found a transporter.
  2390 | Temple   | Became a worshipper of Hepliaklqana the Forgotten
  2535 | D:4      | Noticed an ogre
  2544 | D:4      | Killed an ogre
  2545 | D:4      | Reached XP level 6. HP: 22/56 MP: 5/5
  2830 | D:4      | Noticed a steam dragon
  2840 | D:4      | Killed a steam dragon
  3218 | D:4      | Reached skill level 5 in Axes
  3218 | D:4      | Reached XP level 7. HP: 45/62 MP: 6/6
  3291 | D:4      | Found Bunom's Antique Armour Shoppe.
  3456 | D:5      | Entered Level 5 of the Dungeon
  3993 | D:5      | Noticed Grinder
  4006 | D:5      | Killed Grinder
  4126 | D:5      | Found an ancient bone altar of Kikubaaqudgha.
  4139 | D:5      | Slain by a gnoll

Illustrated notes

Levels and vault maps discovered:
D:1:      dpeg_arrival_castle, layout_loops_ring
D:2:      layout_basic, minmay_circle_x
D:3:      layout_rooms, mainiacjoe_overflow_alcove_2
D:4:      layout_cave_pools, minmay_temple_entry_sparse_star, serial_glass,
          glass_columns_a, glass_columns_b, serial_shops, kennysheep_mini,
          minmay_manual_monstrance
D:5:      layout_basic, kiku_gazebo_pond_becter, uniq_grinder,
          uniq_crazy_yiuf_cottage
Temple:   hellmonk_temple_divided_pantheon

Skill      XL: |  1  2  3  4  5  6  7 |
---------------+----------------------+-----
Shields        | 4 5 6 |  6.6
Fighting       | 4 5 6 |  6.5
Armour         | 4 5 6 |  6.6
Axes           | 3 4 5 |  5.9

Action                     |  1- 3 |  4- 6 |  7- 9 || total
---------------------------+-------+-------+-------++-------
  Melee: War axe           |    82 |    90 |    66 ||   238
         Headbutt          |    12 |    14 |     9 ||    35
    Use: Potion            |       |     2 |     1 ||     3
 Armour: Scale mail        |    35 |    34 |       ||    69
         Plate armour      |       |    12 |    43 ||    55
  Dodge: Dodged            |    44 |    30 |    20 ||    94
  Block: Buckler           |    11 |    14 |    20 ||    45

Table legend: (Time is in decaauts)
 A = Elapsed time spent in this place.
 B = Non-inter-level travel time spent in this place.
 C = Inter-level travel time spent in this place.
 D = Time resting spent in this place.
 E = Time spent auto-exploring this place.
 F = Levels seen in this place.
 G = Mean time per level.
                   A        B        C        D        E       F      G
               +--------+--------+--------+--------+--------+-----+--------+
         Total |   4225 |   4129 |     96 |    685 |   2732 |   6 |  704.2 |
       Dungeon |   4084 |   3988 |     96 |    585 |   2726 |   5 |  816.8 |
        Temple |    140 |    140 |      0 |    100 |      6 |   1 |  140.0 |
               +--------+--------+--------+--------+--------+-----+--------+

Top non-repeatable levels by time:
     D:4: 1123 daAuts
     D:1: 866 daAuts
     D:2: 727 daAuts
     D:5: 699 daAuts
     D:3: 666 daAuts
  Temple: 140 daAuts
